 Dungeon Crawl Stone Soup version 0.29.1-1-gd02db6906a (webtiles) character file.

Game seed: 12920960476119879044

108 Icepheonix32 the Caller (level 4, -3/30 HPs)
             Began as a Merfolk Summoner on Oct 9, 2022.
             Slain by a centaur (6 damage)
             ... on level 4 of the Dungeon.
             The game lasted 00:04:35 (3566 turns).

Icepheonix32 the Caller (Merfolk Summoner)          Turns: 3566, Time: 00:04:36

Health: -3/30      AC:  4    Str:  8    XL:     4   Next: 87%
Magic:  5/7        EV: 12    Int: 16    God:
Gold:   137        SH:  0    Dex: 14    Spells: 1/7 levels left

rFire   + . .      SeeInvis .   l - +2 dagger (holy)
rCold   + . .      Faith    .   (no shield)
rNeg    . . .      Spirit   .   a - +0 robe
rPois   +          Reflect  .   (no helmet)
rElec   +          Harm     .   (no cloak)
rCorr   +          Rampage  .   (no gloves)
Will    +....                   c - +1 pair of boots
Stlth   ++........              i - amulet of regeneration
HPRegen 0.90/turn               (no ring)
MPRegen 0.10/turn               (no ring)

@: resistant
A: (nimble swimmer 2), mertail, deterioration 1, strong-willed 1
a: no special abilities


You were on level 4 of the Dungeon.
You visited 1 branch of the dungeon, and saw 4 of its levels.

You collected 137 gold pieces.

Inventory:

Hand Weapons
 d - a +0 short sword
 l - a +2 dagger of holy wrath (weapon)
Missiles
 g - 3 curare-tipped darts
 t - a throwing net
Armour
 a - a +0 robe (worn)
 c - a +1 pair of boots (worn)
Jewellery
 e - an amulet of faith
 i - an amulet of regeneration (around neck)
Scrolls
 m - 3 scrolls of identify {unknown}
 n - 3 scrolls of amnesia {unknown}
 p - a scroll of acquirement {unknown}
 r - a scroll of magic mapping {unknown}
 u - a scroll of poison {unknown}
 w - a scroll of teleportation {unknown}
Potions
 b - a potion of magic
 h - a potion of resistance
 k - a potion of curing {unknown}
 o - 2 potions of heal wounds {unknown}
 s - a potion of degeneration {unknown}
 v - a potion of brilliance {unknown}


   Skills:
 - Level 2.6 Dodging
 - Level 2.1 Stealth
 - Level 2.0 Spellcasting
 + Level 6.0 Summonings


You had one spell level left.
You knew the following spells:

 Your Spells              Type           Power      Damage    Failure   Level
a - Summon Small Mammal   Summ           84%        N/A       1%          1
b - Call Imp              Summ           21%        N/A       2%          2
c - Call Canine Familiar  Summ           21%        N/A       4%          3

Your spell library contained the following spells:

 Spells                   Type           Power      Damage    Failure   Level
 Summon Guardian Golem    Hex/Summ       11%        N/A       19%         3
 Dazzling Flash           Conj/Hex       2%         N/A       52%         3
 Summon Lightning Spire   Summ/Air       11%        N/A       52%         4
 Agony                    Necr           1%         N/A       99%         5
 Silence                  Hex/Air        0%         N/A       99%         5


Dungeon Overview and Level Annotations

Branches:
Dungeon (4/15)
 Temple: D:4-7

Altars:
Gozag
Ru
Wu Jian


Innate Abilities, Weirdness & Mutations

((You are very nimble when in or above water. (Stealth+, EV+, Speed+++)))
Your lower body shifts to a powerful aquatic tail in water.
Your body sometimes deteriorates upon taking damage.
You are strong-willed. (Will+)


Message History

You feel less attractive to monsters.
It was a potion of mutation.
You feel extremely strange.
You feel strong-willed.
You feel yourself wasting away.
The centaur shoots an arrow.
The arrow hits your hound!
Your hound dies!
Your hound's corpse disappears in a puff of smoke!
The gnoll barely misses you.
A gnoll comes into view. It is wielding a +0 halberd.
Casting: Call Imp (safe; 2% risk of failure)
Confirm with . or Enter, or press ? or * to list all spells.
You don't have enough magic to cast this spell.
Magic courses through your body.
The centaur unwields a +0 shortbow.
The centaur barely misses you. The centaur closely misses you.
A goblin comes into view. It is wielding a +0 club.
The gnoll hits you but does no damage.
Unknown command.
Casting: Call Imp (safe; 2% risk of failure)
Confirm with . or Enter, or press ? or * to list all spells.
The centaur closely misses you. The centaur misses you.
Your iron imp barely misses the centaur.
The centaur barely misses you. The centaur closely misses you.
A gnoll comes into view. It is wielding a +0 spear.
The gnoll barely misses you.
The centaur wields a +0 shortbow.
The centaur shoots an arrow.
The arrow hits you.
* * * LOW HITPOINT WARNING * * *
Your iron imp barely misses the centaur.
The gnoll hits you with a +0 flail.
* * * LOW HITPOINT WARNING * * *
Unknown command.
You swap places.
Your hound misses the gnoll.
Your iron imp hits the centaur!
Your hound bites the gnoll but does no damage.
The gnoll closely misses you.
The centaur unwields a +0 shortbow.
The centaur hits you but does no damage.
The centaur kicks you but does no damage.
Unknown command.
It was a potion of resistance.
You feel protected.
Your hound completely misses the gnoll.
The centaur hits you.
You die...

# ##. #..### ##
......####.# #
............#.###
.. #............#
...##...hc.....#
#.......@g5..###
..........g.##
....#.<....# ##.
#..g...g.# #.
............
...............#
............#!.##
................
##..##..........


You could see a centaur (ally target), 3 gnolls, a goblin, a friendly hound
(summoned) and a friendly iron imp (summoned).

Vanquished Creatures
  An adder (D:2)
  A dart slug (D:1)
  An orc (D:3)
  3 endoplasms
  4 giant cockroaches
  2 hobgoblins (D:2)
  2 quokkas (D:1)
  4 ball pythons
  4 bats
  10 frilled lizards
  5 goblins
  A kobold (D:3)
  3 rats
41 creatures vanquished.

Vanquished Creatures (collateral kills)
  An orc wizard (D:3)
  A shadow imp (D:3)
  A worm (D:2)
  2 orcs (D:3)
  2 hobgoblins (D:3)
  2 quokkas
  2 bats
  4 frilled lizards
  3 kobolds
  A rat (D:3)
19 creatures vanquished.

Vanquished Creatures (others)
  5 plants (D:1)
5 creatures vanquished.

Grand Total: 65 creatures vanquished

Notes
Turn   | Place    | Note
-------+----------+-------------------------------------------
     0 | D:1      | Icepheonix32 the Merfolk Summoner began the quest for the
                  | Orb.
     0 | D:1      | Reached XP level 1. HP: 13/13 MP: 3/3
    37 | D:1      | Found a faded altar of an unknown god.
   531 | D:1      | Reached XP level 2. HP: 19/19 MP: 3/5
   577 | D:1      | Learned a level 2 spell: Call Imp
  1596 | D:1      | Reached XP level 3. HP: 19/24 MP: 6/6
  1773 | D:1      | Learned a level 3 spell: Call Canine Familiar
  1800 | D:2      | Reached skill level 5 in Summonings
  2798 | D:3      | Found an opulent altar of Gozag.
  2897 | D:3      | Reached XP level 4. HP: 30/30 MP: 4/7
  3162 | D:3      | Reached skill level 6 in Summonings
  3433 | D:3      | Found an ornate altar of the Wu Jian Council.
  3436 | D:3      | Found a sacrificial altar of Ru.
  3553 | D:4      | Noticed a centaur
  3561 | D:4      | Gained mutation: You are strong-willed. (Will+) [potion of
                  | mutation]
  3561 | D:4      | Gained mutation: Your body sometimes deteriorates upon
                  | taking damage. [potion of mutation]
  3566 | D:4      | Slain by a centaur

Illustrated notes

Levels and vault maps discovered:
D:1:      wander_arrival_desolate, layout_loops_corners,
          dreamdust_ecumenical_altar_grove, minmay_misc_feat_x,
          minmay_lizard_king
D:2:      layout_basic, glass_columns_a, supply_closet_lemuel
D:3:      layout_loops_cross, mainiacjoe_overflow_catwalk,
          gammafunk_temple_overflow_statue,
          wander_ebering_terrifying_dragon_lair
D:4:      layout_cave_pools, minmay_temple_entry_drinking_statues,
          cheibrodos_sewer_entry_sluice, st_stairs_7, corexii_checkpoint_a,
          minivault_19, uniq_robin, uniq_blork_the_orc

Skill      XL: |  1  2  3  4 |
---------------+-------------+-----
Summonings     | 5 6 |  6.0
Dodging        | |  2.6
Stealth        | |  2.1
Spellcasting   | |  2.0

Action                   |  1- 3 |  4- 6 || total
-------------------------+-------+-------++-------
Melee: Unarmed           |     9 |       ||     9
       Short sword       |    65 |       ||    65
       Dagger            |    22 |    32 ||    54
 Cast: Summon Small Mamm |     9 |       ||     9
       Call Imp          |    16 |     3 ||    19
       Call Canine Famil |     2 |     4 ||     6
  Use: Scroll            |     3 |       ||     3
       Potion            |       |     5 ||     5
 Stab: Distracted        |     1 |       ||     1
       Sleeping          |     6 |     2 ||     8
Armor: Robe              |    28 |    11 ||    39
Dodge: Dodged            |    79 |    35 ||   114
